 Dungeon Crawl Stone Soup version 0.26-a0-663-g36e8fdb655 (webtiles) character file.

Game seed: 145075362025879509

105 Grim the Grave Robber (level 4, 0/24 HPs)
             Began as a Deep Elf Necromancer on Oct 11, 2020.
             Slain by a hobgoblin
             ... wielding a +0 club
              (3 damage)
             ... on level 3 of the Dungeon.
             The game lasted 00:07:12 (3414 turns).

Grim the Grave Robber (Deep Elf Necromancer)        Turns: 3414, Time: 00:07:13

Health: 0/24       AC:  3    Str: 12    XL:     4   Next: 53%
Magic:  1/10       EV: 13    Int: 20    God:
Gold:   170        SH:  0    Dex: 15    Spells: 0/9 levels left

rFire    . . .     SeeInvis .   (no weapon)
rCold    . . .     Faith    .   (no shield)
rNeg     . . .     Spirit   .   a - +0 robe
rPois    .         Reflect  .   (no helmet)
rElec    .         Harm     .   c - +0 cloak
rCorr    .         Rampage  .   (no gloves)
MR       .....                  (no boots)
Stlth    +++.......             j - amulet of regeneration
HPRegen  0.48/turn              d - ring of stealth
MPRegen  0.12/turn              k - +6 ring of strength

@: no status effects
A: no striking features
a: no special abilities


You were on level 3 of the Dungeon.
You visited 1 branch of the dungeon, and saw 3 of its levels.

You collected 170 gold pieces.

Inventory:

Missiles
 m - 4 poisoned darts (quivered)
Armour
 a - a +0 robe (worn)
 c - a +0 cloak (worn)
Jewellery
 d - a ring of stealth (left hand)
 j - an amulet of regeneration (around neck)
 k - a +6 ring of strength (right hand)
Scrolls
 e - 2 scrolls of enchant armour {unknown}
 g - 4 scrolls of identify {unknown}
 h - 4 scrolls of teleportation {unknown}
 i - 3 scrolls of remove curse {unknown}
 l - a scroll of magic mapping {unknown}
 n - a scroll of enchant weapon {unknown}
 o - 2 scrolls of fear {unknown}
Potions
 b - a potion of might {unknown}
 f - a potion of heal wounds {unknown}
 p - a potion of lignification {unknown}
 q - a potion of curing {unknown}


   Skills:
 - Level 2.4 Dodging
 - Level 2.4 Stealth
 - Level 3.0 Spellcasting
 + Level 7.2 Necromancy


You couldn't memorise any spells.
You knew the following spells:

 Your Spells              Type           Power        Failure   Level
a - Pain                  Necr           ####         1%          1
b - Animate Skeleton      Necr           ####..       1%          1
c - Vampiric Draining     Necr           ####......   2%          3
d - Animate Dead          Necr           ####......   7%          4

Your spell library contained the following spells:

 Spells                   Type           Power        Failure   Level
 Agony                    Necr           ####....     21%         5


Dungeon Overview and Level Annotations

Branches:
Dungeon (3/15)

Altars:


Message History

Something hits your orc skeleton but does no damage.
Your orc skeleton barely misses the adder.
Your orc skeleton barely misses something.
Your orc skeleton hits the orc priest with a +0 war axe.
Your magical contamination has completely faded away.
Casting: Pain (safe; 1% risk of failure)
Confirm with . or Enter, or press ? or * to list all spells.
Press: ? - help, Shift-Dir - straight line, f - orc priest, p - hobgoblin
Aim: an orc priest, wearing a +0 scale mail (severely wounded, chance to defeat MR: 84%)
The hobgoblin writhes in agony.
Casting: Pain (safe; 1% risk of failure)
Confirm with . or Enter, or press ? or * to list all spells.
You don't have enough magic to cast that spell.
Unknown command.
The orc priest invokes the aid of Beogh against you.
Beogh smites you!
Ouch! That really hurt!
* * * LOW HITPOINT WARNING * * *
The hobgoblin hits you with a +0 club.
You die...

..##.>.# ##....÷.÷....# #.
.#####.### #..###.......## #.
## #...#######.## #........# #.
###...........# ##........###.
##.).#...#########..........##.
#..#####..#######..###.###..##.
###.## ##..........# #.# #..##.
#...# ######.....# #.# #.....
#.### #@....###.# ##.##. #.#
#g.....##.# #.# #.#
##S......#.# #.# ..#
#...####.#.# #.. .## #o###
#.#.# #.. .# ##.# #...# .# #.Z#
##.## .# ##.## ### .# #..#


You could see an orc priest, an adder, a hobgoblin and a friendly orc skeleton.

Vanquished Creatures
  2 adders (D:2)
  3 oozes (D:2)
  2 dart slugs
  2 orcs (D:3)
  A ball python (D:2)
  4 giant cockroaches
  3 goblins
  11 hobgoblins
  9 jackals
  7 bats
  2 frilled lizards
  4 kobolds
  10 rats
60 creatures vanquished.

Vanquished Creatures (collateral kills)
  A giant cockroach (D:1)
1 creature vanquished.

Grand Total: 61 creatures vanquished

Notes
Turn   | Place    | Note
-------+----------+-------------------------------------------
     0 | D:1      | Grim the Deep Elf Necromancer began the quest for the Orb.
     0 | D:1      | Reached XP level 1. HP: 10/10 MP: 6/6
    47 | D:1      | Reached skill level 5 in Necromancy
   409 | D:1      | Learned a level 1 spell: Animate Skeleton
   426 | D:1      | Reached XP level 2. HP: 15/15 MP: 6/8
   860 | D:1      | You fall into a shaft and drop 1 floor!
  1002 | D:1      | Reached skill level 6 in Necromancy
  1011 | D:1      | Reached XP level 3. HP: 18/19 MP: 4/9
  1564 | D:2      | Learned a level 3 spell: Vampiric Draining
  2082 | D:2      | Reached XP level 4. HP: 22/24 MP: 5/10
  2229 | D:2      | Reached skill level 7 in Necromancy
  3058 | D:3      | Learned a level 4 spell: Animate Dead
  3414 | D:3      | Slain by a hobgoblin

Illustrated notes

Levels and vault maps discovered:
D:1:      wander_arrival_peaceful_grave, layout_basic
D:2:      layout_basic
D:3:      layout_rooms

Skill      XL: |  1  2  3  4 |
---------------+-------------+-----
Necromancy     | 5 6 7 |  7.2
Dodging        | |  2.4
Stealth        | |  2.4
Spellcasting   | |  3.0

Action                   |  1- 3 |  4- 6 || total
-------------------------+-------+-------++-------
Throw: Dart              |    23 |     6 ||    29
 Cast: Pain              |    55 |    32 ||    87
       Animate Skeleton  |     9 |     2 ||    11
       Vampiric Draining |       |     1 ||     1
Armor: Robe              |     4 |     3 ||     7
Dodge: Dodged            |    14 |     4 ||    18

Table legend: (Time is in decaauts)
 A = Elapsed time spent in this place.
 B = Non-inter-level travel time spent in this place.
 C = Inter-level travel time spent in this place.
 D = Time resting spent in this place.
 E = Time spent auto-exploring this place.
 F = Levels seen in this place.
 G = Mean time per level.
                   A        B        C        D        E       F      G
               +--------+--------+--------+--------+--------+-----+--------+
         Total |   3413 |   3351 |     62 |   1432 |   1560 |   3 | 1137.7 |
       Dungeon |   3413 |   3351 |     62 |   1432 |   1560 |   3 | 1137.7 |
               +--------+--------+--------+--------+--------+-----+--------+

Top non-repeatable levels by time:
     D:2: 1589 daAuts
     D:1: 1421 daAuts
     D:3: 403 daAuts
